[ AOE2 MATCH · #506527831 ]
UnrankedBerbers vs Armenians
Player's team · WIN
Rival team · LOSS
[ REPLAY ANALYSIS · EXTRACTED FROM THE RECORDED GAME ]
Feudal
8:32
Castle
20:48
Imperial
35:08
| APM avg | 58.1 |
| APM peak | 98 |
| eAPM avg | 24.9 |
| Villagers / military | 161 / 111 |
Focus
⚔️ 41.2% · 🌾 58.8%
Knight ×92 · Archer ×11 · Trebuchet (Packed) ×4 · Monk ×2 · Camel Archer ×2
Feudal
8:52
Castle
20:25
Imperial
32:07
| APM avg | 56.9 |
| APM peak | 81 |
| eAPM avg | 31.0 |
| Villagers / military | 158 / 86 |
Focus
⚔️ 34.5% · 🌾 65.5%
Spearman ×25 · Composite Bowman ×24 · Skirmisher ×17 · Battering Ram ×8 · Monk ×7 · Militia ×3
Match map
Initial resources + every placement click. Lines = walls · curves = elevation contours. ◆ gold · ⬟ stone · ● berries · ✦ relic · ◌ wall gap
Your base· ✓ Closed at 20:48 · 53t walls · no gate
Road to 2k's base· Open — opponent sealed themselves in
Smoothed initial terrain · ◌ = detected wall gap · hover for details
Inputs per minute
— wed890u - - Road to 2k
Build order — wed890u
First 150 of 450 actions detected
| 0:00 | Queue | Villager (Male) |
| 0:01 | Queue | Villager (Male) |
| 0:01 | Queue | Villager (Male) |
| 0:02 | Build | House |
| 0:03 | Build | House |
| 0:07 | Queue | Villager (Male) |
| 0:07 | Queue | Villager (Male) |
| 1:27 | Queue | Villager (Male) |
| 1:28 | Queue | Villager (Male) |
| 1:55 | Queue | Villager (Male) |
| 1:55 | Queue | Villager (Male) |
| 2:04 | Queue | Villager (Male) |
| 2:25 | Build | Lumber Camp |
| 2:34 | Queue | Villager (Male) |
| 3:09 | Queue | Villager (Male) |
| 3:36 | Queue | Villager (Male) |
| 3:47 | Build | House |
| 3:51 | Build | House |
| 4:08 | Queue | Villager (Male) |
| 4:24 | Queue | Villager (Male) |
| 4:25 | Queue | Villager (Male) |
| 4:25 | Queue | Villager (Male) |
| 5:10 | Queue | Villager (Male) |
| 5:36 | Build | Mining Camp |
| 5:46 | Research | Loom |
| 6:22 | Research | Feudal Age |
| 6:23 | Research | Feudal Age |
| 7:32 | Build | Barracks |
| 7:45 | Queue | Villager (Male) |
| 8:32 | Age | Feudal Age |
| 8:35 | Build | Archery Range |
| 8:47 | Queue | Villager (Male) |
| 8:49 | Research | Double-Bit Axe |
| 8:49 | Research | Double-Bit Axe |
| 8:55 | Build | House |
| 8:57 | Build | Palisade Wall |
| 9:00 | Build | Palisade Wall |
| 9:14 | Queue | Villager (Male) |
| 9:31 | Build | House |
| 9:33 | Build | House |
| 9:35 | Build | House |
| 9:47 | Queue | Villager (Male) |
| 9:53 | Queue | Archer |
| 9:53 | Queue | Archer |
| 9:53 | Queue | Archer |
| 9:59 | Build | House |
| 10:07 | Queue | Villager (Male) |
| 10:13 | Build | Palisade Wall |
| 10:17 | Queue | Villager (Male) |
| 10:42 | Queue | Villager (Male) |
| 10:49 | Queue | Villager (Male) |
| 10:52 | Build | Palisade Wall |
| 10:53 | Build | Palisade Wall |
| 11:04 | Build | Mill |
| 11:10 | Queue | Archer |
| 11:27 | Queue | Villager (Male) |
| 11:34 | Queue | Villager (Male) |
| 11:44 | Build | Blacksmith |
| 11:49 | Queue | Villager (Male) |
| 11:51 | Build | House |
| 11:54 | Build | Palisade Wall |
| 12:03 | Build | Farm |
| 12:09 | Queue | Archer |
| 12:33 | Research | Fletching |
| 12:33 | Research | Fletching |
| 12:54 | Build | Farm |
| 12:56 | Build | Farm |
| 13:03 | Queue | Villager (Male) |
| 13:08 | Queue | Archer |
| 13:08 | Queue | Archer |
| 13:11 | Queue | Villager (Male) |
| 13:32 | Queue | Villager (Male) |
| 13:35 | Build | Farm |
| 13:44 | Build | Farm |
| 13:44 | Queue | Archer |
| 14:02 | Queue | Villager (Male) |
| 14:08 | Build | Farm |
| 14:12 | Queue | Archer |
| 14:14 | Queue | Villager (Male) |
| 14:18 | Build | Farm |
| 14:18 | Queue | Villager (Male) |
| 14:19 | Queue | Villager (Male) |
| 14:26 | Build | House |
| 14:29 | Build | House |
| 14:33 | Queue | Villager (Male) |
| 14:34 | Queue | Archer |
| 14:43 | Queue | Villager (Male) |
| 14:46 | Queue | Villager (Male) |
| 14:49 | Build | House |
| 14:59 | Build | Farm |
| 15:10 | Build | Farm |
| 15:21 | Queue | Villager (Male) |
| 15:55 | Queue | Archer |
| 16:15 | Queue | Villager (Male) |
| 16:17 | Build | Farm |
| 16:18 | Build | Farm |
| 16:18 | Build | Farm |
| 16:18 | Build | Farm |
| 16:18 | Build | Farm |
| 16:19 | Build | Farm |
| 17:06 | Build | Palisade Wall |
| 17:08 | Queue | Villager (Male) |
| 17:10 | Build | Market |
| 17:20 | Build | House |
| 17:21 | Build | House |
| 17:31 | Research | Horse Collar |
| 17:31 | Research | Horse Collar |
| 17:42 | Build | Farm |
| 18:04 | Research | Castle Age |
| 18:04 | Research | Castle Age |
| 18:09 | Build | Farm |
| 18:17 | Build | House |
| 18:41 | Queue | Villager (Male) |
| 18:58 | Queue | Villager (Male) |
| 19:03 | Build | House |
| 19:14 | Queue | Villager (Male) |
| 19:20 | Queue | Villager (Male) |
| 19:22 | Build | Stable |
| 19:30 | Queue | Villager (Male) |
| 19:34 | Build | House |
| 19:41 | Queue | Villager (Male) |
| 19:48 | Research | Forging |
| 19:48 | Research | Forging |
| 19:55 | Build | House |
| 20:03 | Build | Stable |
| 20:17 | Queue | Villager (Male) |
| 20:23 | Build | Farm |
| 20:36 | Build | House |
| 20:48 | Age | Castle Age |
| 20:48 | Research | Bloodlines |
| 20:48 | Research | Bloodlines |
| 20:49 | Queue | Knight |
| 20:49 | Queue | Knight |
| 20:50 | Queue | Villager (Male) |
| 20:51 | Queue | Villager (Male) |
| 21:04 | Build | Farm |
| 21:14 | Build | Farm |
| 21:17 | Queue | Knight |
| 21:17 | Queue | Knight |
| 21:44 | Build | Lumber Camp |
| 21:47 | Queue | Knight |
| 21:47 | Queue | Knight |
| 21:59 | Queue | Knight |
| 21:59 | Queue | Knight |
| 22:09 | Research | Scale Barding Armor |
| 22:10 | Research | Scale Barding Armor |
| 22:11 | Queue | Knight |
| 22:11 | Queue | Knight |
| 22:17 | Build | Farm |
| 22:23 | Queue | Knight |
Build order — Road to 2k
First 150 of 418 actions detected
| 0:00 | Queue | Villager (Male) |
| 0:01 | Queue | Villager (Male) |
| 0:01 | Build | House |
| 0:03 | Build | House |
| 0:09 | Queue | Villager (Male) |
| 0:37 | Queue | Villager (Male) |
| 1:27 | Queue | Villager (Male) |
| 1:50 | Queue | Villager (Male) |
| 1:55 | Build | Mule Cart |
| 2:22 | Queue | Villager (Male) |
| 2:53 | Queue | Villager (Male) |
| 2:53 | Queue | Villager (Male) |
| 3:00 | Queue | Villager (Male) |
| 3:33 | Queue | Villager (Male) |
| 3:50 | Queue | Villager (Male) |
| 4:02 | Build | House |
| 4:33 | Queue | Villager (Male) |
| 4:41 | Queue | Villager (Male) |
| 4:45 | Queue | Villager (Male) |
| 5:09 | Build | Barracks |
| 5:25 | Research | Loom |
| 6:05 | Build | House |
| 6:17 | Queue | Villager (Male) |
| 6:40 | Research | Feudal Age |
| 6:45 | Build | Mule Cart |
| 6:57 | Queue | Militia |
| 7:19 | Queue | Militia |
| 7:40 | Queue | Militia |
| 8:07 | Queue | Villager (Male) |
| 8:15 | Build | Mill |
| 8:34 | Build | House |
| 8:39 | Queue | Villager (Male) |
| 8:43 | Build | Palisade Wall |
| 8:44 | Build | Palisade Wall |
| 8:52 | Age | Feudal Age |
| 8:53 | Research | Man-at-Arms (upgrade) |
| 8:56 | Research | Double-Bit Axe |
| 9:39 | Queue | Villager (Male) |
| 9:54 | Queue | Spearman |
| 10:03 | Queue | Villager (Male) |
| 10:12 | Build | Archery Range |
| 10:19 | Queue | Villager (Male) |
| 10:39 | Queue | Villager (Male) |
| 10:44 | Build | House |
| 11:00 | Queue | Villager (Male) |
| 11:05 | Build | House |
| 11:13 | Queue | Skirmisher |
| 11:18 | Queue | Villager (Male) |
| 11:23 | Queue | Villager (Male) |
| 11:26 | Build | Palisade Wall |
| 11:29 | Build | Palisade Wall |
| 11:35 | Queue | Skirmisher |
| 11:43 | Build | Farm |
| 11:43 | Build | Farm |
| 11:48 | Queue | Skirmisher |
| 11:49 | Queue | Villager (Male) |
| 11:55 | Queue | Villager (Male) |
| 12:02 | Build | Farm |
| 12:05 | Build | Farm |
| 12:10 | Build | Farm |
| 12:14 | Queue | Villager (Male) |
| 12:22 | Build | Palisade Wall |
| 12:22 | Build | Palisade Wall |
| 12:24 | Build | Palisade Wall |
| 12:29 | Queue | Skirmisher |
| 12:43 | Build | Farm |
| 12:45 | Build | Farm |
| 12:47 | Build | Farm |
| 12:53 | Queue | Skirmisher |
| 13:02 | Queue | Villager (Male) |
| 13:06 | Build | Farm |
| 13:10 | Build | House |
| 13:15 | Queue | Villager (Male) |
| 13:24 | Queue | Skirmisher |
| 13:32 | Build | Palisade Wall |
| 13:41 | Queue | Villager (Male) |
| 13:46 | Build | Farm |
| 13:47 | Build | Farm |
| 13:52 | Build | Farm |
| 14:12 | Queue | Villager (Male) |
| 14:29 | Queue | Skirmisher |
| 14:38 | Queue | Villager (Male) |
| 14:48 | Queue | Villager (Male) |
| 14:50 | Build | Blacksmith |
| 14:51 | Build | House |
| 15:32 | Build | House |
| 16:03 | Queue | Villager (Male) |
| 16:23 | Queue | Villager (Male) |
| 16:42 | Queue | Villager (Male) |
| 16:56 | Queue | Villager (Male) |
| 17:00 | Build | Archery Range |
| 17:20 | Queue | Villager (Male) |
| 17:33 | Build | Market |
| 17:45 | Research | Castle Age |
| 17:45 | Research | Castle Age |
| 18:02 | Build | House |
| 18:21 | Queue | Skirmisher |
| 18:21 | Queue | Skirmisher |
| 18:22 | Research | Fletching |
| 18:33 | Build | House |
| 18:37 | Build | Palisade Wall |
| 18:43 | Build | House |
| 18:43 | Build | House |
| 18:44 | Build | House |
| 18:46 | Queue | Skirmisher |
| 18:46 | Queue | Skirmisher |
| 19:12 | Queue | Villager (Male) |
| 19:14 | Queue | Skirmisher |
| 19:14 | Queue | Skirmisher |
| 19:15 | Queue | Skirmisher |
| 19:42 | Queue | Skirmisher |
| 19:56 | Queue | Villager (Male) |
| 19:57 | Queue | Villager (Male) |
| 20:00 | Queue | Villager (Male) |
| 20:25 | Age | Castle Age |
| 20:46 | Research | Elite Skirmisher (upgrade) |
| 20:52 | Queue | Villager (Male) |
| 21:12 | Build | Monastery |
| 21:23 | Build | Mule Cart |
| 21:30 | Queue | Villager (Male) |
| 21:30 | Queue | Villager (Male) |
| 21:46 | Queue | Monk |
| 21:49 | Research | Bow Saw |
| 21:55 | Queue | Villager (Male) |
| 22:25 | Queue | Villager (Male) |
| 22:27 | Queue | Skirmisher |
| 22:27 | Queue | Skirmisher |
| 22:35 | Queue | Monk |
| 23:04 | Queue | Villager (Male) |
| 23:16 | Queue | Villager (Male) |
| 23:20 | Build | Town Center |
| 23:31 | Build | Town Center |
| 23:46 | Research | Wheelbarrow |
| 23:56 | Queue | Monk |
| 23:57 | Queue | Villager (Male) |
| 24:10 | Research | Horse Collar |
| 24:15 | Build | Farm |
| 24:15 | Build | Farm |
| 24:15 | Build | Farm |
| 24:15 | Build | Farm |
| 24:18 | Queue | Monk |
| 24:23 | Build | House |
| 24:26 | Build | House |
| 24:28 | Queue | Monk |
| 24:39 | Queue | Villager (Male) |
| 24:43 | Queue | Villager (Male) |
| 24:44 | Queue | Monk |
| 25:01 | Queue | Villager (Male) |
| 25:05 | Queue | Villager (Male) |
| 25:10 | Queue | Villager (Male) |
Match timeline
| 5:09 | Road to 2k · first_building Barracks |
| 7:32 | wed890u · first_building Barracks |
| 8:32 | wed890u · age_up feudal |
| 8:35 | wed890u · first_building Archery Range |
| 8:43 | Road to 2k · wall_segment Palisade Wall x1 |
| 8:44 | Road to 2k · wall_segment Palisade Wall x1 |
| 8:52 | Road to 2k · age_up feudal |
| 8:57 | wed890u · wall_segment Palisade Wall x6 |
| 9:00 | wed890u · wall_segment Palisade Wall x10 |
| 10:12 | Road to 2k · first_building Archery Range |
| 10:13 | wed890u · wall_segment Palisade Wall x6 |
| 10:52 | wed890u · wall_segment Palisade Wall x4 |
| 10:53 | wed890u · wall_segment Palisade Wall x2 |
| 11:26 | Road to 2k · wall_segment Palisade Wall x6 |
| 11:29 | Road to 2k · wall_segment Palisade Wall x6 |
| 11:54 | wed890u · wall_segment Palisade Wall x26 |
| 12:22 | Road to 2k · wall_segment Palisade Wall x1 |
| 12:22 | Road to 2k · wall_segment Palisade Wall x1 |
| 12:24 | Road to 2k · wall_segment Palisade Wall x1 |
| 13:32 | Road to 2k · wall_segment Palisade Wall x9 |
| 17:06 | wed890u · wall_segment Palisade Wall x1 |
| 18:00 | wed890u · first_market_buy 100 food |
| 18:37 | Road to 2k · wall_segment Palisade Wall x6 |
| 19:22 | wed890u · first_building Stable |
| 20:25 | Road to 2k · age_up castle |
| 20:42 | Road to 2k · first_market_buy 100 wood |
| 20:48 | wed890u · age_up castle |
| 21:12 | Road to 2k · first_building Monastery |
| 26:09 | Road to 2k · wall_segment Palisade Wall x1 |
| 26:52 | wed890u · wall_segment Stone Wall x1 |
| 27:40 | wed890u · first_building Monastery |
| 27:42 | Road to 2k · first_building Siege Workshop |
| 28:53 | wed890u · first_building Castle |
| 28:57 | Road to 2k · first_market_sell 100 wood |
| 31:43 | wed890u · first_market_sell 100 wood |
| 31:57 | Road to 2k · first_building Castle |
| 32:07 | Road to 2k · age_up imperial |
| 35:08 | wed890u · age_up imperial |
| 40:33 | Road to 2k · resign |
[ AI ANALYSIS · 1 CREDIT ]
What really happened in this match?
Wolo.gg analyzes every decision: build order, eco, micro, common mistakes by bracket. Personalized analysis on WhatsApp or Discord in 30 seconds.
Civ guide
Berbers
Perfil
Jugador #5274387